 Dungeon Crawl Stone Soup version 0.32-a0-859-gb0a091d592 (webtiles) character file.

Game seed: 1890807433274606254

1585099 ragingrage the Severer (level 27, 291/291 HPs)
             Began as a Naga Necromancer on Mar 27, 2024.
             Was the Champion of Nemelex Xobeh.
             Escaped with the Orb
             ... and 3 runes!
             The game lasted 01:59:27 (81673 turns).

ragingrage the Severer (Naga Necromancer)          Turns: 81673, Time: 01:59:27

Health: 291/291    AC: 60    Str: 22    XL:     27
Magic:  36/36      EV:  8    Int: 21    God:    Nemelex Xobeh [******]
Gold:   6258       SH: 24    Dex: 16    Spells: 20/44 levels left

rFire   + . .        a - +9 broad axe (vamp)
rCold   + . .        o - +5 kite shield {AC+3}
rNeg    + . .        P - +9 scale mail "Fiwual" {Rampage}
rPois   +            c - +2 helmet
rElec   +            v - +2 cloak {rCorr}
rCorr   +            w - +2 pair of gloves "Genlejay" {rF+ Will+ Str+3}
SInv    +            D - +10 Black Knight's barding {ponderous, rPois rN+}
Will    ++++.        W - amulet of reflection
Stlth   ++           i - ring "Piatsunk" {rElec Dex+6}
HPRegen 0.68/turn    O - +4 ring of protection
MPRegen 0.25/turn

%: reflection, rampage
@: studying Fighting, very slow
A: AC +9, large, see invisible, deformed body, poison resistance, slowness 2,
spit poison 1, naga tail 2, clumsy 1, cold resistance 1, deterioration 1,
mutation resistance 1, robust 1
0: Orb of Zot
}: 3/15 runes: serpentine, barnacled, silver
a: Spit Poison, Renounce Religion, Draw Escape, Draw Destruction, Draw
Summoning, Draw Stack, Triple Draw, Deal Four, Stack Five


You escaped.
You worshipped Nemelex Xobeh.
Nemelex Xobeh was exalted by your worship.
You visited 10 branches of the dungeon, and saw 48 of its levels.
You also visited: Gauntlet, Ice Cave, Wizlab and Desolation.

You collected 9352 gold pieces.
You spent 3094 gold pieces at shops.

Inventory:

Hand Weapons
 a - a +9 vampiric broad axe (weapon)
 q - a +1 spectral broad axe
Missiles
 J - 5 silver javelins (quivered)
 U - 6 throwing nets
Armour
 c - a +2 helmet (worn)
 o - a +5 kite shield of protection (worn)
 v - a +2 cloak of preservation (worn)
 w - the +2 pair of gloves "Genlejay" (worn) {rF+ Will+ Str+3}
   (You found it in a Gauntlet)

   Str+3:     It affects your strength (+3).
   rF+:       It protects you from fire.
   Will+:     It increases your willpower.
 D - the +10 Black Knight's barding (worn) {ponderous, rPois rN+}
   (You acquired it on level 13 of the Dungeon)

   rPois:     It protects you from poison.
   rN+:       It protects you from negative energy.
 P - the +9 scale mail "Fiwual" (worn) {Rampage}
   (You found it on level 11 of the Dungeon)

   Rampage:   It bestows one free step when moving towards enemies.
Jewellery
 i - the ring "Piatsunk" (left hand) {rElec Dex+6}
   (You took it off a servant of whispers in the Desolation of Salt)

   [ring of dexterity]

   Dex+6:     It affects your dexterity (+6).
   rElec:     It insulates you from electricity.
 A - the necklace of Bloodlust {Fury *Rage Will++ Int-3 Slay+6}
   (You bought it in a shop on level 2 of the Snake Pit)

   [amulet of nothing]

   Fury:      It extends the wearer's berserk rage when killing foes.
   Int-3:     It affects your intelligence (-3).
   Slay+6:    It affects your accuracy & damage with ranged weapons and melee
   (+6).
   Will++:    It greatly increases your willpower.
   *Rage:     It berserks you when you make melee attacks (+50% chance).
 O - a +4 ring of protection (right hand)
 W - an amulet of reflection (around neck)
Wands
 h - a wand of acid (32)
 p - a wand of roots (52)
 H - a wand of digging (35)
 K - a wand of mindburst (39)
 L - a wand of charming (60)
Scrolls
 d - 9 scrolls of revelation
 e - 10 scrolls of fog
 j - 7 scrolls of torment
 m - 12 scrolls of vulnerability
 n - 12 scrolls of teleportation
 r - 3 scrolls of summoning
 s - 5 scrolls of silence
 u - 3 scrolls of amnesia
 x - 4 scrolls of fear
 y - 3 scrolls of blinking
 C - 5 scrolls of immolation
 Q - 16 scrolls of poison
 R - 6 scrolls of noise
Potions
 b - 4 potions of brilliance
 f - 7 potions of attraction
 g - 10 potions of lignification
 k - 6 potions of heal wounds
 l - 16 potions of mutation
 t - 6 potions of ambrosia
 z - 3 potions of might
 E - 6 potions of invisibility
 F - 2 potions of resistance
 G - 29 potions of curing
 I - 3 potions of haste
 N - 5 potions of magic
 X - 2 potions of berserk rage
 Y - 4 potions of cancellation
 Z - 9 potions of enlightenment
Miscellaneous
 B - a phantom mirror
 M - a box of beasts (inert)
 S - a condenser vane
 T - a lightning rod (4/4)
 V - a Gell's gravitambourine (2/2)


   Skills:
 - Level 19.0 Fighting
 - Level 19.2(19.5) Axes
 - Level 5.2(13.6) Maces & Flails
 - Level 8.1 Throwing
 - Level 16.0 Armour
 - Level 8.0 Dodging
 - Level 12.0 Stealth
 - Level 18.0 Shields
 - Level 9.0 Spellcasting
 - Level 10.0 Conjurations
 - Level 16.0 Necromancy
 - Level 14.2 Translocations
 - Level 6.0 Air Magic
 - Level 15.0 Alchemy
 + Level 16.3 Invocations
 + Level 11.8 Evocations


You had 20 spell levels left.
You knew the following spells:

 Your Spells              Type           Power      Damage    Failure   Level
a - Death Channel         Necr           33%        N/A       4%          6
b - Fugue of the Fallen   Necr           67%        N/A       1%          3
c - Blink                 Tloc           100%       N/A       1%          2
d - Irradiate             Conj/Alch      29%        3d21      3%          5
e - Animate Dead          Necr           67%        N/A       1%          4
f - Vhi's Electric Charg  Tloc/Air       100%       N/A       3%          4

Your spell library contained the following spells:

 Spells                   Type           Power      Damage    Failure   Level
 Apportation              Tloc           100%       N/A       1%          1
 Kiss of Death            Conj/Necr      100%       2d13      1%          1
 Necrotise                Necr           100%       1d9       1%          1
 Shock                    Conj/Air       100%       1d9       1%          1
 Sting                    Conj/Alch      100%       1d9       1%          1
 Cigotuvi's Dreadful Rot  Necr/Alch/Air  100%       N/A       1%          2
 Lesser Beckoning         Tloc           100%       N/A       1%          2
 Momentum Strike          Conj/Tloc      100%       3d10      1%          2
 Static Discharge         Conj/Air       86%        3-7/arc   1%          2
 Sublimation of Blood     Necr           67%        N/A       1%          2
 Mephitic Cloud           Conj/Alch/Air  52%        N/A       1%          3
 Teleport Other           Tloc           62%        N/A       1%          3
 Vampiric Draining        Necr           67%        2d10      1%          3
 Fulminant Prism          Conj/Alch      29%        3d14      1%          4
 Iskenderun's Mystic Bla  Conj/Tloc      57%        2d12      (+2d61%     4
 Olgreb's Toxic Radiance  Alch           64%        N/A       1%          4
 Passage of Golubria      Tloc           62%        N/A       1%          4
 Curse of Agony           Necr           67%        N/A       1%          5
 Foxfire                  Conj/Fire      100%       2x1d9     2%          1
 Volatile Blastmotes      Fire/Tloc      78%        2d16      3%          3
 Eringya's Noxious Bog    Alch           32%        4d6       6%          6
 Dazzling Flash           Conj/Hex       60%        N/A       7%          3
 Hailstorm                Conj/Ice       30%        3d8       7%          3
 Anguish                  Hex/Necr       21%        N/A       7%          4
 Martyr's Knell           Necr/Summ      43%        N/A       7%          4
 Leda's Liquefaction      Alch/Erth      20%        N/A       9%          4
 Petrify                  Alch/Erth      40%        N/A       9%          4
 Dispersal                Tloc           31%        N/A       9%          6
 Gell's Gavotte           Tloc           31%        2d(25-37) 9%          6
 Dimensional Bullseye     Hex/Tloc       19%        N/A       10%         4
 Airstrike                Air            17%        2d(3-19)  16%         4
 Freeze                   Ice            36%        1d5       19%         1
 Slow                     Hex            36%        N/A       19%         1
 Summon Small Mammal      Summ           36%        N/A       19%         1
 Arcjolt                  Conj/Air       21%        1d31      19%         5
 Brom's Barrelling Bould  Conj/Erth      30%        2d5       24%         4
 Yara's Violent Unravell  Hex/Alch       20%        3d9       24%         5
 Call Imp                 Summ           18%        N/A       28%         2
 Jinxbite                 Hex            18%        N/A       28%         2
 Manifold Assault         Tloc           31%        N/A       41%         7
 Summon Lightning Spire   Summ/Air       22%        N/A       47%         4
 Call Canine Familiar     Summ           9%         N/A       50%         3
 Confusing Touch          Hex            9%         N/A       50%         3
 Frozen Ramparts          Ice            18%        1d3       50%         3
 Ozocubu's Armour         Ice            9%         N/A       50%         3
 Sigil of Binding         Hex            9%         N/A       50%         3
 Summon Ice Beast         Ice/Summ       9%         N/A       50%         3
 Tukima's Dance           Hex            9%         N/A       50%         3
 Fireball                 Conj/Fire      15%        3d8       54%         5
 Sculpt Simulacrum        Ice/Alch       20%        N/A       78%         6
 Silence                  Hex/Air        11%        N/A       83%         5
 Borgnjor's Revivificati  Necr           33%        N/A       86%         8
 Infestation              Necr           33%        N/A       86%         8
 Animate Armour           Summ/Erth      18%        N/A       88%         4
 Cause Fear               Hex            4%         N/A       88%         4
 Summon Blazeheart Golem  Fire/Summ      9%         N/A       88%         4
 Starburst                Conj/Fire      15%        6d6       98%         6
 Disjunction              Tloc           31%        N/A       98%         8
 Lee's Rapid Deconstruct  Erth           4%         3d5*      99%         5
 Metabolic Englaciation   Hex/Ice        4%         N/A       99%         5
 Summon Mana Viper        Hex/Summ       9%         N/A       99%         5
 Haunt                    Necr/Summ      21%        N/A       99%         7
 Permafrost Eruption      Ice/Erth       4%         2x4d3     100%        6
 Plasma Beam              Fire/Air       11%        2x1d22    100%        6
 Enfeeble                 Hex            4%         N/A       100%        7
 Monstrous Menagerie      Summ           4%         N/A       100%        7
 Ozocubu's Refrigeration  Ice            4%         4d8       100%        7
 Summon Hydra             Summ           4%         N/A       100%        7
 Ignition                 Fire           4%         3d4       100%        8
 Lehudib's Crystal Spear  Conj/Erth      15%        10d5      100%        8
 Maxwell's Capacitive Co  Air            17%        ∞         100%        8
 Death's Door             Necr           33%        N/A       100%        9
 Dragon's Call            Summ           4%         N/A       100%        9
 Polar Vortex             Ice            4%         N/A       100%        9
 Maxwell's Portable Pile  Tloc           Unusable   2d(14-28) N/A         4

Dungeon Overview and Level Annotations

Branches:
Dungeon (15/15)            Temple (1/1) D:7            Lair (5/5) D:9
 Shoals (4/4) Lair:2        Snake (4/4) Lair:3        Slime (0/5) Lair:4
    Orc (2/2) D:11            Elf (3/3) Orc:2        Vaults (5/5) D:14
  Crypt (0/3) Vaults:2     Depths (4/4) D:15            Zot (5/5) Depths:4
  IceCv (visited)          WizLab (visited)         Desolation (visited)
Gauntlet (visited)

Altars:
Ashenzari
Cheibriados
Dithmenos
Elyvilon
Fedhas
Gozag
Hepliaklqana
Kikubaaqudgha
Makhleb
Nemelex Xobeh
Okawaru
Qazlal
Ru
Sif Muna
Trog
Uskayaw
Vehumet
Wu Jian
Xom
Yredelemnul
Zin
The Shining One
Beogh

Shops:
D:3 *   Orc:2 *![[   Elf:3 [   Shoals:4 :   Snake:2 =::   Vaults:1 (??
Vaults:2 [(   Vaults:3 :(   Depths:3 [

Portals:
Hell: Depths:1 Depths:2 Depths:3 Depths:4
Abyss: Depths:1 Depths:2 Depths:3
Pandemonium: Depths:1 Depths:2 Depths:4
Ziggurat: Depths:2

Annotations:
Lair:1 exclusion: oklob plant
Lair:5 exclusions: zombie and 3 more exclusions
Shoals:3 Roxanne
Snake:1 1 transporter
Vaults:2 2 exclusions
Depths:1 2 transporters
Zot:2 exclusions: green draconian and 2 more exclusions, Tiamat


Innate Abilities, Weirdness & Mutations

Your serpentine skin is tough. (AC +9)
You have supernaturally acute eyesight. (SInv)
Armour fits poorly on your strangely shaped body.
Your system is resistant to poisons. (rPois)
You cover ground very slowly.
You can spit poison.
You can use your snake-like lower body to constrict enemies.
You are clumsy. (Dex -2)
Your flesh is cold resistant. (rC+)
Your body sometimes deteriorates upon taking damage.
You are somewhat resistant to further mutation.
You are robust. (+10% HP)


Message History

You closely miss the angel. You constrict the angel!
You block the angel's attack. The angel hits you but does no damage.
You slash the angel! You constrict the angel.
The angel gestures.
The angel is healed somewhat.
You slice the angel!! You constrict the angel. You block the angel's attack. x2
You closely miss the angel. You constrict the angel.
The angel gestures.
The angel is healed somewhat.
You slice the angel!! You constrict the angel.
The angel gestures.
The angel is healed somewhat.
You barely miss the angel. You constrict the angel.
The angel gestures.
The angel is healed somewhat.
You slash the angel! You constrict the angel.
The angel gestures.
The angel is healed somewhat.
You barely miss the angel. You constrict the angel.
You block the angel's attack. The angel hits you but does no damage.
You barely miss the angel. You constrict the angel!
The angel gestures.
The angel is healed somewhat.
The angel gestures.
The angel is healed somewhat.
You slash the angel! You constrict the angel!
The angel hits you with a +1 sacred scourge of holy wrath!
You block the angel's attack.
You hit the angel. You constrict the angel!
You kill the angel!
You swing at nothing.
(D) Dungeon (T) Temple (L) Lair (A) Shoals (P) Snake Pit (M) Slime Pits (O) Orcish Mines (E) Elven Halls (V) Vaults (C) Crypt (U) Depths (H) Hell (Z) Zot
Where to? (Tab/Enter - D:1 @ (x,y), ? - help)
What level of the Dungeon? (default 1, ? - help)
There is an open door here.
There is a staircase leading out of the dungeon here.
You have escaped!

#..# ##.# #.# #.# ...# #..# #.#
#.# #.## #.## ##.# #.# #.# #.#
##..# #.# #.# #.# #...# #.# ###
#.# #.# ###.### #.# #.. #.## #.#
#...#.# #.# #.# ...# #.#
#.###.#####.## #.# #..###.#
#.'..@..'..#.#######.# ....##.#
#######.#######.........
....##.###.............########.#
.........####.#####.#### #..
....#.##.# ##.#####.## #.#
.(..#.##.###......(..# #.#
##[##.##..######.######## #.#
#.##.###.'...........'.#######.#
#.##.# ########.######.........#


There were no monsters in sight!

Vanquished Creatures
  2 pandemonium lords
  3 dread liches
  3 ancient liches
  2 orbs of fire (Zot:5)
  Mara (Vaults:5)
  A juggernaut (Depths:2)
  Xtahua (Vaults:4)
  9 Killer Klowns
  A curse toe (Zot:4)
  3 caustic shrikes (Depths:4)
  9 golden dragons
  2 electric golems (Zot:5)
  A Brimstone Fiend (D:5)
  18 tentacled monstrosities
  18 Orb Guardians
  A walking crystal tome (Depths:3)
  A walking divine tome (Depths:2)
  An Executioner (Depths:2)
  4 liches
  4 titans
  Asterion (Elf:2)
  2 deep elf blademasters (Elf:3)
  5 quicksilver dragons
  4 deep elf master archers
  Gastronok (Lair:1)
  8 sphinxes
  A kraken (Shoals:1)
  11 tengu reavers
  A death cob (Zot:3)
  8 shadow dragons
  A protean progenitor (Zot:5)
  Donald (Shoals:3)
  12 storm dragons
  Aizul (Snake:1)
  6 nagarajas
  2 draconian monks
  5 draconian knights
  An imperial myrmidon (Desolation)
  4 fire giants
  An iron dragon (Depths:3)
  3 deep elf sorcerers (Elf:3)
  A ghost moth (Depths:3)
  5 frost giants
  2 draconian scorchers
  A draconian shifter (Zot:4)
  2 cacodemons
  An angel (D:1)
  4 draconian stormcallers
  5 deep elf elementalists
  2 curse skulls (Vaults:2)
  2 orc warlords (Vaults:4)
  11 vault wardens
  A reaper (D:3)
  A draconian annihilator (Zot:1)
  13 ironbound preservers
  7 stone giants
  3 spriggan defenders
  23 very ugly things
  7 deep elf demonologists
  2 formless jellyfish
  5 ironbound thunderhulks
  2 broodmothers (Zot:5)
  4 vampire knights
  3 elemental wellsprings (Shoals:2)
  5 deep elf death magi
  4 green draconians
  5 halazid warlocks (Desolation)
  10 dire elephants
  7 deep elf annihilators
  9 black draconians
  3 spark wasps (Depths:4)
  6 white draconians
  Nessos (D:15)
  A lorocyproca (D:15)
  A minotaur (Gauntlet)
  4 red draconians
  Azrael (D:12)
  8 purple draconians
  6 yellow draconians
  11 ettins
  A crystal guardian (Desolation)
  12 fire dragons
  Snorg (D:10)
  9 yaktaur captains
  Josephine (Orc:1)
  An entropy weaver (shapeshifter) (Elf:2)
  2 jiangshi (Depths:4)
  3 merfolk impalers
  4 merfolk javelineers (Shoals:4)
  4 ragged hierophants (Desolation)
  4 deep elf high priests
  2 entropy weavers
  10 great orbs of eyes
  9 servants of whispers (Desolation)
  3 salamander tyrants (Snake:4)
  27 vault guards
  A hell beast (D:7)
  8 ice dragons
  5 rakshasas
  11 hydras
  3 spriggan air magi
  6 ironbound frosthearts
  2 catoblepae
  3 peacekeepers (Desolation)
  7 anacondas
  2 radroaches
  4 alligator snapping turtles
  3 merfolk aquamancers
  6 centaur warriors
  8 ogre magi
  7 boulder beetles
  28 dancing weapons
  4 satyrs
  2 death yaks
  5 deep troll earth magi
  15 two-headed ogres
  4 tengu warriors
  2 death scarabs (Gauntlet)
  2 deep troll shamans
  7 hell knights
  4 occultists
  4 orc high priests (Orc:2)
  15 naga warriors
  Urug (Lair:1)
  12 naga sharpshooters
  A vampire mage (Depths:4)
  5 spriggan berserkers
  Nergalle (Lair:1)
  21 deep elf knights
  A spriggan (Depths:3)
  5 shock serpents
  8 skysharks
  5 salamander mystics
  9 sun demons
  2 iron trolls (Depths:1)
  2 sixfirhies
  A fire crab (Lair:3)
  5 skeletal warriors (D:14)
  A spark wasp zombie (Depths:4)
  30 deep trolls
  A death drake (shapeshifter) (WizLab)
  A sea snake (shapeshifter) (WizLab)
  5 mana vipers
  11 sea snakes
  4 glowing orange brains
  6 arcanists
  4 naga ritualists
  2 deep trolls (shapeshifter) (WizLab)
  A mana viper (shapeshifter) (WizLab)
  2 snapping turtles (shapeshifter)
  8 deep elf archers
  2 glowing orange brains (shapeshifter) (WizLab)
  2 spectral hydras (Gauntlet)
  9 orc knights
  2 obsidian bats
  17 ironbound convokers
  8 thermic dynamos
  A sun moth (Depths:3)
  Pikel (D:6)
  23 harpies
  24 deep elf pyromancers
  21 deep elf zephyrmancers
  23 lindwurms
  6 large abominations (WizLab)
  10 phantasmal warriors
  4 necromancers
  2 fauns (shapeshifter)
  A spectral boulder beetle (Gauntlet)
  13 manticores
  8 fauns
  44 ugly things
  2 shining eyes (shapeshifter) (WizLab)
  9 cyclopes
  3 wolf spiders (shapeshifter)
  2 orc sorcerers
  A shining eye (Zot:2)
  9 salamanders
  18 moths of wrath
  3 guardian serpents
  A human skeleton (Vaults:4)
  A moth of wrath (shapeshifter) (WizLab)
  31 black mambas
  5 kobold blastminers
  6 merfolk sirens
  7 water nymphs
  2 eyes of devastation (shapeshifter) (WizLab)
  13 naga magi
  14 elephants
  An ice statue (IceCv)
  Joseph (D:10)
  A torpor snail (Lair:3)
  3 eyes of devastation
  A water nymph (shapeshifter) (Vaults:5)
  14 vault sentinels
  Maggie (Lair:2)
  An orange demon (D:11)
  2 gargoyles
  8 cane toads
  A cane toad (shapeshifter) (WizLab)
  A hellion (Depths:1)
  2 kobold demonologists (D:14)
  An efreet (D:13)
  An unseen horror (D:12)
  5 tengu conjurers
  A tormentor (D:15)
  14 ice devils (IceCv)
  23 yaktaurs
  2 anaconda simulacra (IceCv)
  A rime drake (Lair:3)
  18 komodo dragons
  3 freezing wraiths
  A spectral naga (Snake:1)
  17 merfolk
  3 polar bears
  3 hornets
  9 trolls
  8 wind drakes
  A merfolk (shapeshifter) (WizLab)
  3 hellwings
  Grinder (D:3)
  A tarantella (shapeshifter) (WizLab)
  48 saltlings (Desolation)
  A tarantella (Vaults:2)
  7 dream sheep
  A dream sheep (shapeshifter) (WizLab)
  6 glass eyes
  4 blink frogs
  11 snapping turtles
  A black mamba zombie (Lair:3)
  2 jumping spiders
  18 slime creatures
  A shadow (D:13)
  2 dire elephant simulacra (IceCv)
  2 air elementals
  6 water elementals
  6 wraiths
  31 yaks
  11 wyverns
  A hog (shapeshifter) (Vaults:5)
  A spectral komodo dragon (Gauntlet)
  4 basilisks
  2 redbacks (shapeshifter)
  Grum (D:10)
  6 redbacks
  An iron golem (WizLab)
  11 wargs
  2 steam dragons (Lair:3)
  10 fire elementals
  A chaos spawn (D:15)
  7 death yak simulacra
  8 vampire mosquitoes
  A harpy simulacrum (IceCv)
  An acid dragon (D:13)
  2 swamp worms (shapeshifter)
  40 nagas
  7 hydra simulacra
  Duvessa (D:7)
  2 hell hounds (D:12)
  13 water moccasins
  A swamp drake (D:9)
  18 orc warriors
  3 ice beasts
  4 laughing skulls
  A black bear (shapeshifter) (D:13)
  10 small abominations
  3 sky beasts
  5 black bears
  11 ogres
  4 boggarts
  3 centaurs
  6 wolves
  2 phantoms
  8 kobold brigands
  14 bullfrogs
  A gnoll sergeant (D:9)
  2 scorpions
  2 earth elementals
  3 cane toad simulacra (IceCv)
  4 two-headed ogre simulacra
  Dowan (D:7)
  12 wights
  4 killer bees (D:10)
  5 elephant simulacra
  3 electric eels
  3 howler monkeys
  3 bombardier beetles
  23 orc priests
  A gnoll bouda (D:7)
  A hound (D:6)
  11 jellies
  A sleepcap (D:4)
  Jessica (D:3)
  3 iguanas
  Natasha (D:3)
  17 orc wizards
  6 hell rats
  2 polar bear simulacra (IceCv)
  A spriggan simulacrum (D:13)
  A troll simulacrum (D:13)
  5 wolf simulacra (IceCv)
  8 gnolls
  4 adders
  3 naga simulacra (IceCv)
  A shadow imp (D:6)
  3 hell rat simulacra (D:13)
  3 white imps
  3 dart slugs
  4 ribbon worms
  67 orcs
  4 bats
  12 endoplasms
  3 giant cockroaches
  4 goblins
  5 hobgoblins
  4 jackals (D:3)
  6 quokkas
  4 ball pythons
  4 frilled lizards
  38 kobolds
  2 orc zombies
  9 rats
  A spectral goblin (D:10)
  A spectral weapon (Depths:4)
1953 creatures vanquished.

Vanquished Creatures (collateral kills)
  A juggernaut (Depths:3)
  A Killer Klown (Zot:5)
  A caustic shrike (Depths:4)
  A golden dragon (Vaults:5)
  A mutant beast (WizLab)
  Norris (Depths:1)
  3 tentacled monstrosities
  12 Orb Guardians
  A quicksilver dragon (Vaults:5)
  A deep elf blademaster (Elf:2)
  A titan (Vaults:5)
  5 sphinxes
  2 tengu reavers
  A pandemonium lord (D:9)
  A storm dragon (Vaults:5)
  2 shadow dragons (Vaults:5)
  4 nagarajas (Snake:4)
  4 fire giants
  2 draconian monks
  A deep elf sorcerer (Vaults:5)
  4 frost giants
  2 vault wardens
  A spriggan defender (Depths:2)
  2 draconian annihilators
  3 ironbound preservers
  5 very ugly things
  A vampire knight (Vaults:2)
  2 green draconians
  An ironbound thunderhulk (Vaults:4)
  5 stone giants
  2 deep elf death magi
  4 black draconians
  2 white draconians
  2 dire elephants
  A red draconian (Zot:2)
  A deep elf demonologist (Depths:4)
  A deep elf annihilator (Vaults:5)
  A spark wasp (Depths:3)
  An ettin (Depths:1)
  An entropy weaver (Vaults:1)
  A merfolk impaler (Shoals:4)
  A ragged hierophant (Desolation)
  3 rakshasas
  11 vault guards
  Fannar (D:11)
  A catoblepas (Lair:1)
  2 great orbs of eyes
  2 ironbound frosthearts
  2 servants of whispers (Desolation)
  2 ogre magi
  A hydra (Lair:5)
  An anaconda (Snake:1)
  5 two-headed ogres
  A merfolk avatar (Shoals:4)
  A merfolk aquamancer (Shoals:4)
  5 dancing weapons (Elf:2)
  A boulder beetle (D:13)
  A tengu warrior (D:14)
  A deep troll shaman (Depths:1)
  A death yak (Lair:3)
  2 naga warriors (Snake:1)
  A naga sharpshooter (Snake:4)
  An occultist (Depths:2)
  3 spriggan berserkers
  2 hell knights (Depths:3)
  A vampire mage (Depths:2)
  3 deep elf knights (Elf:2)
  2 sun demons (Depths:1)
  A spriggan (Depths:3)
  2 skysharks
  A salamander mystic (Snake:4)
  A sea snake (Shoals:2)
  9 deep trolls
  2 arcanists
  2 naga ritualists
  A mana viper (Snake:2)
  2 lindwurms (Vaults:2)
  2 necromancers
  2 deep elf archers
  4 ironbound convokers
  3 orc knights (Vaults:4)
  8 harpies
  A flayed ghost (Vaults:5)
  2 deep elf zephyrmancers (Elf:2)
  3 phantasmal warriors
  5 deep elf pyromancers
  11 ugly things
  A shining eye (shapeshifter) (Depths:2)
  An oklob plant (Lair:5)
  A large abomination (WizLab)
  4 fauns (Shoals:2)
  A faun (shapeshifter) (D:15)
  A stone giant zombie (Vaults:4)
  3 manticores
  6 salamanders
  A rust devil (D:9)
  4 vault sentinels
  9 naga magi
  3 moths of wrath
  A merfolk siren (Shoals:2)
  4 elephants
  A stone giant skeleton (Vaults:4)
  3 black mambas
  A water nymph (Shoals:2)
  A yaktaur (shapeshifter) (WizLab)
  An orange demon (D:7)
  2 komodo dragons
  A rime drake (Lair:3)
  A tengu conjurer (Depths:4)
  4 yaktaurs (Vaults:2)
  A freezing wraith (Vaults:5)
  A human zombie (Vaults:5)
  4 merfolk
  2 polar bears
  A hellwing (D:9)
  2 hornets
  3 saltlings (Desolation)
  6 blink frogs
  4 snapping turtles
  6 dream sheep
  A raiju (Lair:5)
  A slime creature (Depths:4)
  2 water elementals
  A small abomination (Lair:5)
  A fire elemental (D:12)
  8 yaks
  A basilisk (Lair:1)
  A warg (Orc:2)
  A wyvern (D:9)
  10 nagas
  5 water moccasins
  A hydra simulacrum (D:13)
  3 orc warriors
  A laughing skull (Vaults:2)
  7 ogres
  5 wolves
  A boggart (Vaults:4)
  9 bullfrogs
  A wight (D:10)
  An elephant simulacrum (D:13)
  5 killer bees (D:9)
  5 orc priests (Orc:2)
  A jelly (Lair:4)
  3 orc wizards
  2 spriggan simulacra (D:13)
  A troll simulacrum (D:13)
  A gnoll (D:9)
  13 orcs
  An endoplasm (D:2)
  3 kobolds
  A rat (D:2)
391 creatures vanquished.

Vanquished Creatures (others)
  A Brimstone Fiend (D:7)
  A deep elf sorcerer (Vaults:5)
  2 very ugly thing zombies
  A ragged hierophant (Desolation)
  A deep elf high priest (Vaults:5)
  An entropy weaver (Depths:4)
  An ice dragon (Depths:3)
  A rakshasa (D:15)
  A sphinx zombie (Vaults:5)
  A satyr (Shoals:3)
  A titan zombie (Vaults:5)
  A storm dragon zombie (Zot:1)
  A deep elf knight (Elf:2)
  A hell knight (Depths:3)
  A deep troll (Vaults:5)
  2 deep elf pyromancers (Elf:2)
  3 deep elf zephyrmancers (Elf:2)
  4 ugly thing zombies
  A frost giant zombie (Vaults:5)
  A stone giant zombie (Vaults:5)
  An orange demon (D:7)
  2 white draconian zombies (Zot:1)
  2 redback zombies
  3 harpy zombies (Vaults:4)
  A moth of wrath zombie (Zot:1)
  A guardian serpent zombie (Snake:2)
  A saltling (Desolation)
  2 boulder beetle zombies
  A jumping spider zombie (Gauntlet)
  An ettin zombie (Vaults:5)
  3 black mamba zombies
  2 elf zombies
  4 deep troll zombies (Vaults:5)
  A naga (Snake:2)
  6 two-headed ogre zombies
  2 skyshark zombies
  A dream sheep zombie (Lair:3)
  A hornet zombie (Vaults:5)
  26 human zombies
  4 elephant zombies (Lair:5)
  A komodo dragon zombie (Lair:3)
  A rime drake zombie (Lair:3)
  A salamander zombie (Snake:1)
  2 yaktaur zombies
  3 warg zombies (Orc:2)
  A cyclops zombie (D:14)
  2 water moccasin zombies
  A wyvern zombie (Lair:3)
  5 yak zombies
  3 tengu zombies
  2 bullfrog zombies
  A boggart zombie (Vaults:4)
  4 killer bee zombies (D:9)
  9 naga zombies
  10 ogre zombies
  A steam dragon zombie (Lair:3)
  A jelly zombie (Lair:4)
  35 orc zombies
  2 kobolds
  6 kobold zombies
  4 tentacles (Shoals:1)
187 creatures vanquished.

Grand Total: 2531 creatures vanquished

Notes
Turn   | Place    | Note
-------+----------+-------------------------------------------
     0 | D:1      | ragingrage the Naga Necromancer began the quest for the
                  | Orb.
     0 | D:1      | Reached XP level 1. HP: 15/15 MP: 3/3
   173 | D:1      | Reached XP level 2. HP: 24/24 MP: 5/5
   512 | D:1      | Reached skill level 1 in Fighting
   815 | D:1      | Reached XP level 3. HP: 31/31 MP: 4/6
   884 | D:1      | Reached skill level 1 in Maces & Flails
  1530 | D:2      | Reached XP level 4. HP: 36/38 MP: 3/7
  1987 | D:3      | Learned a level 3 spell: Vampiric Draining
  2131 | D:3      | Reached XP level 5. HP: 40/44 MP: 4/8
  2205 | D:3      | Noticed Jessica
  2343 | D:3      | Noticed Grinder
  2390 | D:3      | Noticed Natasha
  2408 | D:3      | Found Idipso's Assorted Antiques.
  2757 | D:3      | Killed Natasha
  3031 | D:4      | Reached skill level 5 in Necromancy
  3389 | D:4      | Noticed a phantom
  3406 | D:4      | Killed a phantom
  3407 | D:4      | Reached XP level 6. HP: 48/51 MP: 9/9
  3527 | D:4      | Reached skill level 5 in Maces & Flails
  3700 | D:5      | Entered Level 5 of the Dungeon
  3902 | D:5      | Identified the +8 war axe "Eqitsiuz" {freeze, rPois Str+3
                  | Dex-2}
  4010 | D:4      | Reached skill level 1 in Axes
  4010 | D:4      | Reached XP level 7. HP: 41/57 MP: 10/10
  4144 | D:5      | Found a shimmering blue altar of Sif Muna.
  4147 | D:5      | Found an ancient bone altar of Kikubaaqudgha.
  4148 | D:5      | Found a stormy altar of Qazlal.
  4149 | D:5      | Found a basalt altar of Yredelemnul.
  4149 | D:5      | Found a white marble altar of Elyvilon.
  4150 | D:5      | Found a sparkling altar of Nemelex Xobeh.
  4150 | D:5      | Found an ornate altar of the Wu Jian Council.
  4151 | D:5      | Found a shimmering altar of Xom.
  4394 | D:5      | Became a worshipper of Nemelex Xobeh the Trickster
  4621 | D:5      | Reached XP level 8. HP: 51/64 MP: 11/11
  4812 | D:6      | Reached skill level 5 in Axes
  5440 | D:6      | Learned a level 4 spell: Animate Dead
  5600 | D:6      | Reached XP level 9. HP: 70/70 MP: 12/12
  6170 | D:7      | Noticed Pikel
  6180 | D:6      | Killed Pikel
  6495 | D:7      | Reached * piety under Nemelex Xobeh
  6642 | D:7      | Received a gift from Nemelex Xobeh
  6936 | D:7      | Found a staircase to the Ecumenical Temple.
  6941 | D:7      | Noticed Duvessa
  6945 | D:7      | Noticed Dowan
  6962 | Temple   | Entered the Ecumenical Temple
  7344 | D:7      | Killed Duvessa
  7413 | D:7      | Killed Dowan
  7414 | D:7      | Reached XP level 10. HP: 74/78 MP: 13/13
  8423 | D:8      | Reached skill level 10 in Axes
  8479 | D:8      | Found a blossoming altar of Fedhas.
  8870 | D:8      | Received a gift from Nemelex Xobeh
  8871 | D:8      | Noticed a two-headed ogre
  8879 | D:8      | Killed a two-headed ogre
  9349 | D:3      | Killed Grinder
  9386 | D:3      | Identified the +1 dagger "Tinip" {speed, MP+9 Str-4 Int+2}
  9397 | D:3      | Bought a blue potion for 30 gold pieces
  9397 | D:3      | Bought a bubbling cyan potion for 30 gold pieces
  9397 | D:3      | Bought a scroll labelled DINUECVOED for 34 gold pieces
  9482 | D:3      | Killed Jessica
  9672 | D:9      | Learned a level 5 spell: Irradiate
  9713 | D:9      | Reached ** piety under Nemelex Xobeh
  9725 | D:9      | Reached skill level 1 in Alchemy
  9806 | D:9      | Reached skill level 1 in Conjurations
 10191 | D:9      | Reached skill level 5 in Invocations
 10215 | D:9      | Reached XP level 11. HP: 33/84 MP: 12/14
 10797 | D:9      | Reached skill level 5 in Alchemy
 10888 | D:9      | Found a staircase to the Lair.
 11176 | D:10     | Entered Level 10 of the Dungeon
 11263 | D:10     | Identified the +3 robe "Paurix Wait" {Stlth+}
 11338 | D:10     | Noticed Snorg
 11346 | D:10     | Killed Snorg
 11347 | D:10     | Reached skill level 5 in Conjurations
 11445 | D:10     | Received a gift from Nemelex Xobeh
 11704 | D:10     | Noticed Joseph
 11721 | D:10     | Killed Joseph
 11929 | D:10     | Noticed Grum
 11936 | D:10     | Killed Grum
 12099 | D:10     | Reached *** piety under Nemelex Xobeh
 12277 | D:10     | Found a hazy altar of Hepliaklqana.
 12526 | D:11     | Noticed a cyclops
 12538 | D:11     | Killed a cyclops
 12701 | D:11     | Noticed Fannar
 12706 | D:11     | Noticed a cyclops
 12711 | D:11     | Killed a cyclops
 12726 | D:11     | Killed Fannar
 12735 | D:11     | Reached XP level 12. HP: 22/91 MP: 16/16
 12985 | D:11     | Identified the ring of Balance {rF- rN+ Will+ rCorr Str+6}
 13063 | D:11     | Identified the +9 scale mail "Fiwual" {Rampage}
 13219 | D:11     | Found a staircase to the Orcish Mines.
 13645 | Lair:1   | Entered Level 1 of the Lair of Beasts
 13678 | Lair:1   | Reached skill level 1 in Evocations
 13685 | Lair:1   | Noticed Nergalle
 13693 | Lair:1   | Gained mutation: Your flesh is cold resistant. (rC+)
                  | [potion of mutation]
 13693 | Lair:1   | Gained mutation: You are robust. (+10% HP) [potion of
                  | mutation]
 13693 | Lair:1   | Gained mutation: You are somewhat resistant to further
                  | mutation. [potion of mutation]
 13696 | Lair:1   | Received a gift from Nemelex Xobeh
 13696 | Lair:1   | Noticed a catoblepas
 13716 | Lair:1   | Killed a catoblepas
 13718 | Lair:1   | Noticed Urug
 13983 | Lair:1   | Got the Collected Works on the Sun and the Glacier
 14093 | Lair:1   | Received a gift from Nemelex Xobeh
 14095 | Lair:1   | Reached **** piety under Nemelex Xobeh
 14115 | Lair:1   | Found a blossoming altar of Fedhas.
 14441 | Lair:1   | Killed Nergalle
 14546 | Lair:1   | Noticed Gastronok
 14571 | Lair:1   | Killed Gastronok
 14729 | Lair:1   | Killed Urug
 14882 | Lair:2   | Received a gift from Nemelex Xobeh
 15081 | Lair:2   | Reached skill level 10 in Necromancy
 15318 | Lair:2   | Noticed Maggie
 15324 | Lair:2   | Gained mutation: You can use your snake-like lower body to
                  | constrict enemies. [Naga growth]
 15324 | Lair:2   | Reached XP level 13. HP: 99/106 MP: 17/17
 15328 | Lair:2   | Killed Maggie
 15447 | Lair:2   | Found a staircase to the Shoals.
 16266 | Lair:3   | Reached skill level 10 in Alchemy
 16939 | Lair:3   | Received a gift from Nemelex Xobeh
 17687 | Lair:3   | Reached XP level 14. HP: 86/118 MP: 18/18
 17690 | Lair:3   | Reached skill level 1 in Armour
 18144 | Lair:3   | You fall into a shaft and drop 2 floors!
 18144 | Lair:5   | Entered Level 5 of the Lair of Beasts
 18213 | Lair:4   | Received a gift from Nemelex Xobeh
 18296 | Lair:4   | Reached ***** piety under Nemelex Xobeh
 18832 | Lair:4   | Reached skill level 5 in Fighting
 18849 | Lair:4   | Found a staircase to the Slime Pits.
 19067 | Lair:4   | Received a gift from Nemelex Xobeh
 19579 | Lair:3   | Found a staircase to the Snake Pit.
 20355 | Lair:5   | Received a gift from Nemelex Xobeh
 21437 | Orc:1    | Entered Level 1 of the Orcish Mines
 21446 | Orc:1    | Received a gift from Nemelex Xobeh
 21446 | Orc:1    | Found a roughly hewn altar of Beogh.
 21501 | Orc:1    | Noticed Josephine
 21512 | Orc:1    | Killed Josephine
 21513 | Orc:1    | Reached XP level 15. HP: 88/138 MP: 20/20
 22239 | Orc:2    | Entered Level 2 of the Orcish Mines
 22570 | Orc:2    | Found a staircase to the Elven Halls.
 22593 | Orc:2    | Reached skill level 5 in Armour
 22826 | Orc:2    | Received a gift from Nemelex Xobeh
 23206 | Orc:2    | Reached skill level 5 in Spellcasting
 23257 | Orc:2    | Learned a level 6 spell: Death Channel
 23407 | Orc:2    | Found Vutoshroa's Armour Shop.
 23566 | Orc:2    | Found Huuficia's Distillery.
 23586 | Orc:2    | Bought a potion of berserk rage for 75 gold pieces
 23586 | Orc:2    | Bought a potion of cancellation for 120 gold pieces
 23586 | Orc:2    | Bought a potion of enlightenment for 75 gold pieces
 23671 | Orc:2    | Found a roughly hewn altar of Beogh.
 23696 | Orc:2    | Found Reacax's General Store.
 23916 | Orc:2    | Found Heegisedd's Armour Boutique.
 24146 | Orc:2    | Bought a +1 buckler of reflection for 189 gold pieces
 24674 | D:12     | Received a gift from Nemelex Xobeh
 24750 | D:12     | Found a gate leading to a gauntlet.
 24786 | D:12     | Noticed Azrael
 24797 | D:12     | Killed Azrael
 24820 | Gauntlet | Entered a Gauntlet
 24820 | Gauntlet | Received a gift from Nemelex Xobeh
 24820 | Gauntlet | Found a transporter.
 24820 | Gauntlet | Found a transporter.
 24820 | Gauntlet | Reached ****** piety under Nemelex Xobeh
 25082 | Gauntlet | Found a transporter.
 25083 | Gauntlet | Found a transporter.
 25092 | Gauntlet | Found a transporter.
 25102 | Gauntlet | Found a transporter.
 25102 | Gauntlet | Found a transporter.
 25126 | Gauntlet | Found a transporter.
 25133 | Gauntlet | Found a transporter.
 25145 | Gauntlet | Found a transporter.
 25183 | Gauntlet | Found a transporter.
 25219 | Gauntlet | Found a transporter.
 25235 | Gauntlet | Found a transporter.
 25326 | Gauntlet | Found a transporter.
 25337 | Gauntlet | Found a transporter.
 25351 | Gauntlet | Found a transporter.
 25445 | Gauntlet | Reached skill level 1 in Shields
 25488 | Gauntlet | Got Raycs's Volume of Grim Fumes
 25628 | Gauntlet | Identified the +2 pair of gloves "Genlejay" {rF+ Will+
                  | Str+3}
 25771 | Gauntlet | Identified the +1 pair of gloves of Ennui {Str+6}
 26008 | D:12     | Acquired 869 gold pieces
 26010 | D:12     | Acquired a +1 vampiric broad axe
 26595 | D:13     | Received a gift from Nemelex Xobeh
 26643 | D:13     | Found a frozen archway.
 26654 | D:13     | Reached XP level 16. HP: 144/151 MP: 23/23
 26669 | IceCv    | Entered an ice cave
 26958 | IceCv    | Found an ancient bone altar of Kikubaaqudgha.
 27805 | D:13     | Received a gift from Nemelex Xobeh
 28072 | D:13     | Reached skill level 10 in Conjurations
 28403 | D:13     | Received a gift from Nemelex Xobeh
 28913 | D:13     | Acquired the +10 Black Knight's barding {ponderous, rPois
                  | rN+}
 28913 | D:13     | Found the +10 Black Knight's barding {ponderous, rPois rN+}
 29434 | D:14     | Received a gift from Nemelex Xobeh
 30895 | D:15     | Entered Level 15 of the Dungeon
 31057 | D:15     | Received a gift from Nemelex Xobeh
 31192 | D:15     | Noticed Nessos
 31198 | D:15     | Killed Nessos
 31457 | D:15     | Reached XP level 17. HP: 138/166 MP: 22/27
 31907 | D:15     | Found a staircase to the Depths.
 32384 | Snake:1  | Entered Level 1 of the Snake Pit
 32877 | Snake:1  | Identified the serpent talisman of Sloth {Stlth+}
 32877 | Snake:1  | Noticed Aizul
 32894 | Snake:1  | Killed Aizul
 32917 | Snake:1  | Received a gift from Nemelex Xobeh
 33105 | Snake:1  | Reached skill level 10 in Fighting
 33372 | Snake:1  | Found a radiant altar of Vehumet.
 33375 | Snake:1  | Found a transporter.
 33883 | Snake:2  | Reached skill level 15 in Axes
 34651 | Snake:2  | Received a gift from Nemelex Xobeh
 35576 | Snake:2  | Found Vyunwoni's Book Emporium.
 35577 | Snake:2  | Found Jyoq's Jewellery Shop.
 35578 | Snake:2  | Found Efem's Book Emporium.
 35932 | Snake:2  | Received a gift from Nemelex Xobeh
 36885 | Snake:3  | Received a gift from Nemelex Xobeh
 37328 | Snake:3  | Reached skill level 5 in Shields
 37462 | Snake:3  | Received a gift from Nemelex Xobeh
 37484 | Snake:3  | Found a broken altar of Ashenzari.
 37644 | Snake:4  | Entered Level 4 of the Snake Pit
 37654 | Snake:4  | Reached XP level 18. HP: 160/176 MP: 28/28
 37813 | Snake:4  | Reached skill level 10 in Armour
 38218 | Snake:4  | Identified the +7 battleaxe "Biefoxur" {speed, Fly Int+3}
 39051 | Snake:4  | Received a gift from Nemelex Xobeh
 40022 | Snake:4  | Got a serpentine rune of Zot
 40263 | Shoals:1 | Entered Level 1 of the Shoals
 40331 | Shoals:1 | Received a gift from Nemelex Xobeh
 40641 | Shoals:2 | Received a gift from Nemelex Xobeh
 40842 | Shoals:2 | You fall into a shaft and drop 1 floor!
 41271 | Shoals:2 | Reached XP level 19. HP: 184/184 MP: 29/29
 41275 | Shoals:2 | Received a gift from Nemelex Xobeh
 42185 | Shoals:2 | Identified the staff "Aghacaex" {+Blink rPois Will- Stlth+
                  | Necro Alchemy}
 42337 | Shoals:3 | Received a gift from Nemelex Xobeh
 42348 | Shoals:3 | Noticed Roxanne
 42348 | Shoals:3 | Noticed Donald
 42365 | Shoals:3 | Killed Donald
 42529 | Shoals:3 | Reached skill level 15 in Necromancy
 43210 | Shoals:4 | Entered Level 4 of the Shoals
 43309 | Shoals:4 | Got a barnacled rune of Zot
 43682 | Shoals:4 | Received a gift from Nemelex Xobeh
 43805 | Shoals:4 | Found Ywka's Book Emporium.
 45069 | Elf:1    | Entered Level 1 of the Elven Halls
 45180 | Elf:1    | Found a shimmering blue altar of Sif Muna.
 45751 | Elf:1    | Acquired 451 gold pieces
 45772 | Elf:1    | Reached skill level 10 in Invocations
 45847 | Elf:1    | Identified the staff of the Pit {rF+ Will+ Summ Fire Ice}
 46139 | Elf:1    | Received a gift from Nemelex Xobeh
 46151 | Elf:1    | Reached XP level 20. HP: 201/201 MP: 30/30
 46165 | Elf:1    | Paralysed by an air elemental for 1 turns
 46787 | Elf:2    | Received a gift from Nemelex Xobeh
 47218 | Elf:2    | Acquired the amulet of Tapset {Spirit rN+}
 47249 | Elf:2    | Noticed Asterion
 47266 | Elf:2    | Killed Asterion
 47656 | Elf:2    | Found a huge runed translucent gate.
 47656 | Elf:2    | Found a huge runed translucent gate.
 47659 | Elf:2    | Found a huge runed translucent gate.
 47659 | Elf:2    | Found a huge runed translucent gate.
 47668 | Elf:2    | Found a huge runed translucent gate.
 47845 | Elf:3    | Entered Level 3 of the Elven Halls
 48320 | Elf:3    | Found Awauck's Armour Shop.
 48411 | Elf:3    | Received a gift from Nemelex Xobeh
 48577 | Elf:3    | Identified the +6 scimitar of Spite {freeze, Str+7}
 49883 | Elf:3    | Identified the +8 morningstar "Egipej" {venom, rN++ Str-3
                  | Dex-2 SInv}
 49890 | Elf:3    | Identified the ring "Dafi" {rF+ rC+ Int+5}
 49892 | Elf:3    | Identified the ring "Map Wac" {rPois Will+++ AC+4 Str-4
                  | Int+4}
 50277 | Elf:3    | Identified the ring "Xud Keps" {Fly rPois Stlth+}
 50280 | Elf:3    | Identified the +5 rapier "Sanaoti" {antimagic, rElec rCorr
                  | Dex+2}
 50688 | Elf:3    | Identified the +8 orcbow "Ogrebane" {heavy, SInv}
 50960 | Elf:3    | Got Sif Muna's Anthology of Vitriolic Hyperthermia
 51208 | Elf:2    | Reached XP level 21. HP: 91/215 MP: 31/31
 51230 | Elf:2    | Noticed Agnes
 51232 | Elf:2    | Agnes changed into Agnes the jumping spider
 51232 | Elf:2    | Noticed Agnes
 51234 | Elf:2    | Killed Agnes the jumping spider
 52257 | D:14     | Found a gate to the Vaults.
 52377 | Vaults:1 | Entered Level 1 of the Vaults
 52826 | Vaults:1 | Received a gift from Nemelex Xobeh
 53212 | Vaults:1 | Found Geasoawi's Weapon Shoppe.
 53324 | Vaults:1 | Paralysed by a formless jellyfish for 1 turns
 53517 | Vaults:1 | Found Lonapruiw's Magic Scroll Shoppe.
 53520 | Vaults:1 | Bought a scroll of enchant weapon for 112 gold pieces
 53563 | Vaults:1 | Received a gift from Nemelex Xobeh
 53624 | Vaults:1 | Found Ycifomoo's Magic Scroll Emporium.
 53629 | Vaults:1 | Bought a scroll of fog for 84 gold pieces
 53629 | Vaults:1 | Bought a scroll of teleportation for 63 gold pieces
 54040 | Vaults:2 | Found Nierein's Weapon Boutique.
 54108 | Vaults:2 | Received a gift from Nemelex Xobeh
 54316 | Vaults:2 | Found a magical portal.
 54430 | WizLab   | Entered Cigotuvi's Fleshworks
 54693 | WizLab   | Received a gift from Nemelex Xobeh
 54870 | WizLab   | Gained mutation: Your body sometimes deteriorates upon
                  | taking damage. [a shining eye]
 54875 | WizLab   | Reached skill level 1 in Throwing
 54875 | WizLab   | Reached XP level 22. HP: 228/228 MP: 32/32
 54913 | WizLab   | Reached skill level 15 in Fighting
 54943 | WizLab   | Found the -2 hat of the Alchemist {rElec rPois rF+ rC+ rN+
                  | Will+ rMut rCorr}
 55417 | WizLab   | Got Cigotuvi's Volume of Postmortem Effluvium
 55418 | WizLab   | Identified the flux talisman "Azuskiy" {rCorr Int-2 Stlth+}
 55767 | Vaults:2 | Received a gift from Nemelex Xobeh
 55775 | Vaults:2 | Found Qiel Efeow's Antique Armour Boutique.
 55784 | Vaults:2 | Bought a glowing cloak for 330 gold pieces
 56116 | Vaults:2 | Found a staircase to the Crypt.
 56412 | Vaults:3 | Reached skill level 15 in Invocations
 56530 | Vaults:3 | Received a gift from Nemelex Xobeh
 56608 | Vaults:3 | Paralysed by a formless jellyfish for 1 turns
 56640 | Vaults:3 | Found Laussa's Book Shop.
 56647 | Vaults:3 | Found Utzohe's Antique Weapon Emporium.
 57234 | Vaults:4 | Found a crumbling gateway.
 57243 | Desolati | Entered the Desolation of Salt
 57243 | Desolati | Received a gift from Nemelex Xobeh
 57344 | Desolati | Got Laroish's Discursus on the Grave and Displacement
 57349 | Desolati | Got the Incunabulum of Thunder
 57352 | Desolati | Identified the amulet "Ilyngeolol" {Reflect SH+5 SInv}
 57355 | Desolati | Got the Tome of Hypothermia and Debased Rites
 57421 | Desolati | Reached skill level 15 in Armour
 57561 | Desolati | Got the Thoughts on Subspace and Accompaniment
 57978 | Desolati | Identified the ring "Piatsunk" {rElec Dex+6}
 57995 | Desolati | Learned a level 2 spell: Blink
 58016 | Desolati | Received a gift from Nemelex Xobeh
 58055 | Desolati | Reached skill level 1 in Translocations
 58063 | Desolati | Reached XP level 23. HP: 175/237 MP: 31/34
 59361 | Vaults:4 | Reached skill level 5 in Translocations
 59433 | Vaults:4 | Received a gift from Nemelex Xobeh
 59742 | Vaults:4 | Noticed Xtahua
 59782 | Vaults:4 | Killed Xtahua
 59994 | Vaults:4 | Reached skill level 5 in Dodging
 59994 | Vaults:4 | Reached skill level 10 in Shields
 59999 | Vaults:4 | Learned a level 4 spell: Vhi's Electric Charge
 60096 | Vaults:4 | Reached skill level 1 in Air Magic
 60377 | Vaults:4 | Received a gift from Nemelex Xobeh
 60670 | Depths:1 | Entered Level 1 of the Depths
 60680 | Depths:1 | Noticed Norris
 60691 | Depths:1 | Killed Norris
 60746 | Depths:1 | Found a one-way gate leading to the halls of Pandemonium.
 61260 | Depths:1 | Reached skill level 10 in Translocations
 61334 | Depths:1 | Found a gateway to Hell.
 61442 | Depths:1 | Found a transporter.
 61446 | Depths:1 | Found a white marble altar of Elyvilon.
 61513 | Depths:1 | Found a transporter.
 61576 | Depths:1 | Found a one-way gate to the infinite horrors of the Abyss.
 61833 | Depths:2 | Reached skill level 5 in Air Magic
 62256 | Depths:2 | Received a gift from Nemelex Xobeh
 62488 | Depths:2 | Found a one-way gateway to a ziggurat.
 62839 | Depths:2 | Identified the +6 chain mail of the Tormentor {rC+ Int+2}
 63137 | Depths:3 | Reached XP level 24. HP: 247/247 MP: 34/34
 63284 | Depths:3 | Found a hide-covered altar of Uskayaw.
 63299 | Depths:3 | Received a gift from Nemelex Xobeh
 63301 | Depths:3 | Found Tuamugai's Antique Armour Boutique.
 63535 | Depths:2 | Noticed a juggernaut
 63543 | Depths:2 | Killed a juggernaut
 63713 | Depths:3 | Reached skill level 15 in Alchemy
 63821 | Depths:3 | Noticed a juggernaut
 63836 | Depths:3 | Killed a juggernaut
 63992 | Depths:3 | Got the Enchiridion on the Rotting Syncline
 64065 | Depths:3 | Acquired 752 gold pieces
 64566 | Depths:4 | Entered Level 4 of the Depths
 64569 | Depths:4 | Noticed a caustic shrike
 64581 | Depths:4 | Killed a caustic shrike
 64709 | Depths:4 | Noticed a caustic shrike
 64717 | Depths:4 | Killed a caustic shrike
 64974 | Depths:4 | Identified the +6 sling "Huataumn" {heavy, SInv}
 64977 | Depths:4 | Received a gift from Nemelex Xobeh
 65097 | Depths:4 | Noticed a caustic shrike
 65101 | Depths:4 | Found a gate to the Realm of Zot.
 65104 | Depths:4 | Identified the +6 hand axe of Boheudul {heavy, Will+ Dex+3}
 65202 | Depths:4 | Noticed a caustic shrike
 65213 | Depths:4 | Killed a caustic shrike
 65331 | Depths:4 | Reached XP level 25. HP: 242/255 MP: 34/35
 65376 | Depths:4 | Identified the +6 sling "Jeubamad" {elec, rPois}
 65414 | Depths:4 | Reached skill level 15 in Shields
 65692 | Depths:4 | Received a gift from Nemelex Xobeh
 66958 | Vaults:4 | Reached XP level 26. HP: 259/259 MP: 35/35
 66963 | Vaults:5 | Entered Level 5 of the Vaults
 66978 | Vaults:5 | Noticed Mara
 66983 | Vaults:5 | Noticed ragingrage's illusion
 66991 | Vaults:5 | Reached skill level 5 in Throwing
 67004 | Vaults:5 | Killed Mara
 67635 | Vaults:5 | Got a silver rune of Zot
 67725 | Vaults:5 | Identified the ring of Siamem {Wiz Dex+5}
 67794 | Vaults:5 | Received a gift from Nemelex Xobeh
 67903 | Vaults:5 | Identified the +7 plate armour "Doutan" {-Cast rF+++
                  | Will+++ Dex-3}
 67971 | Vaults:5 | Noticed an ancient lich
 67980 | Vaults:5 | Killed an ancient lich
 68007 | Vaults:5 | Noticed Sojobo
 68012 | Vaults:5 | Sojobo changed into Sojobo the stone giant
 68012 | Vaults:5 | Noticed Sojobo
 68014 | Vaults:5 | Killed Sojobo the stone giant
 68037 | Vaults:5 | Identified the +2 ring mail of the Last Xenophobes {rC+
                  | Str+3}
 68104 | Vaults:5 | Identified the +7 demon whip of Ohiuqafe {drain, rN+ Int+6}
 68110 | Vaults:5 | Reached XP level 27. HP: 209/270 MP: 35/35
 68232 | Vaults:5 | Received a gift from Nemelex Xobeh
 68671 | Vaults:5 | Identified the +0 rapier "Nootuwk" {vamp, rPois Dex+4}
 68791 | Vaults:5 | Identified the staff of Proximity {rC+ Int+2 Ice Earth}
 69292 | Zot:1    | Entered Level 1 of the Realm of Zot
 69592 | Zot:1    | Reached skill level 5 in Stealth
 69614 | Zot:1    | Reached skill level 5 in Evocations
 69969 | Zot:1    | Received a gift from Nemelex Xobeh
 70007 | Zot:1    | You fall into a shaft and drop 1 floor!
 70007 | Zot:2    | Found the +4 dragonskin cloak {Aegis}
 70007 | Zot:2    | Noticed Tiamat
 70158 | Zot:2    | Received a gift from Nemelex Xobeh
 71078 | Zot:3    | Received a gift from Nemelex Xobeh
 71364 | Zot:3    | Found the +8 pair of quick blades "Gyre" and "Gimble"
                  | {protect}
 71584 | Zot:4    | Received a gift from Nemelex Xobeh
 71671 | Zot:4    | Identified the +6 rapier "Zoamn" {pain, rElec rC+}
 72289 | Shoals:4 | Bought a book of Battle for 704 gold pieces
 72293 | Shoals:4 | Learned a level 3 spell: Fugue of the Fallen
 73622 | Zot:5    | Entered Level 5 of the Realm of Zot
 73634 | Zot:5    | Received a gift from Nemelex Xobeh
 74575 | Zot:5    | Noticed an ancient lich
 74590 | Zot:5    | Killed an ancient lich
 75889 | Zot:5    | Noticed a dread lich
 75904 | Zot:4    | Killed a dread lich
 76191 | Zot:5    | Noticed a dread lich
 76201 | Zot:5    | Killed a dread lich
 76583 | Zot:5    | Reached skill level 10 in Stealth
 76775 | Zot:5    | Noticed an orb of fire
 77190 | Orc:2    | Bought a potion of mutation for 120 gold pieces
 77190 | Orc:2    | Bought a potion of curing for 45 gold pieces
 77190 | Orc:2    | Bought a potion of berserk rage for 75 gold pieces
 77190 | Orc:2    | Bought a potion of ambrosia for 120 gold pieces
 77190 | Orc:2    | Bought a potion of ambrosia for 120 gold pieces
 77569 | Snake:2  | Bought the necklace of Bloodlust {Fury *Rage Will++ Int-3
                  | Slay+6} for 543 gold pieces
 77569 | Snake:2  | Found the necklace of Bloodlust {Fury *Rage Will++ Int-3
                  | Slay+6}
 78017 | Vaults:1 | Bought 2 scrolls of enchant armour for 225 gold pieces
 78389 | Zot:5    | Noticed an orb of fire
 78389 | Zot:5    | Gained mutation: You are clumsy. (Dex -2) [an orb of fire]
 78411 | Zot:5    | Killed an orb of fire
 78419 | Zot:5    | Killed an orb of fire
 78420 | Zot:5    | Reached skill level 10 in Evocations
 78885 | Zot:5    | Noticed a dread lich
 78892 | Zot:5    | Killed a dread lich
 79727 | Zot:5    | Noticed an ancient lich
 79744 | Zot:5    | Killed an ancient lich
 80915 | Zot:5    | Got the Orb of Zot
 81118 | D:15     | Noticed Feupp the pandemonium lord
 81147 | D:15     | Killed Feupp the pandemonium lord
 81359 | D:9      | Noticed Egunecor the pandemonium lord
 81389 | D:9      | Killed Egunecor the pandemonium lord
 81432 | D:7      | Noticed Syus the pandemonium lord
 81454 | D:7      | Killed Syus the pandemonium lord
 81673 | D:$      | Escaped with the Orb!

Illustrated notes

Levels and vault maps discovered:
D:1:      shiori_shiawase, layout_loops_ring, minmay_door_square
D:2:      layout_basic
D:3:      layout_rooms, serial_shops, shop, uniq_natasha, uniq_jessica,
          uniq_grinder
D:4:      layout_rooms
D:5:      layout_loops_ring, grunt_temple_overflow_open
D:6:      layout_loops_corners
D:7:      layout_layer_cave, minmay_temple_entry_slanted,
          nicolae_twisty_statue_hallways, uniq_duvessa, uniq_pikel
D:8:      minmay_recursive_quarters, layout_loops_cross, fedhas_altar_1
D:9:      layout_cave_pods, erik_lair_dragon,
          serial_library_regret_index_split_case
D:10:     layout_loops_ring, nicolae_hepliaklqana_monster_ancestors,
          uniq_joseph, uniq_grum, uniq_snorg
D:11:     layout_basic, david_orc_3, uniq_fannar
D:12:     layout_cave_pools, gauntlet_entry_generic, minmay_radiant, uniq_azrael
D:13:     minmay_bubble_buster, layout_layer_cave,
          portal_ice_cave_entry_ice_simulacra, minmay_misc_feat_roman,
          eino_house_with_fridge
D:14:     layout_roguey, grunt_vaults_entry_fortified
D:15:     gammafunk_enter_depths_forms, layout_basic, grunt_decor_resistance,
          fungi_pond_lemuel, uniq_nessos
Temple:   nicolae_temple_slightly_damp_pantheon
Lair:1:   layout_regular_city, serial_bayou_pond_b, minivault_25,
          hangedman_tree_tricks, chequers_serial_rivers_micro_d,
          nicolae_lair_grazing_beasts [nicolae_sub_lair_graze_edge,
          nicolae_sub_lair_graze_edge, nicolae_sub_lair_graze_edge,
          nicolae_sub_lair_graze_edge], infiniplex_staircase_pool_2,
          uniq_nergalle, uniq_gastronok, uniq_urug
Lair:2:   layout_small_grid, minmay_shoals_entry_beasts, uniq_maggie
Lair:3:   nzn_winding_woodlands_huge [nzn_winding_woodlands_5x15_crooked,
          nzn_winding_woodlands_5x15_longhouse,
          nzn_winding_woodlands_5x15_split_checker,
          nzn_winding_woodlands_5x15_lazy_stream,
          nzn_winding_woodlands_5x15_sidewinder,
          nzn_winding_woodlands_5x15_pockets,
          nzn_winding_woodlands_5x15_river_crossing,
          nzn_winding_woodlands_5x15_pathside_ponds,
          nzn_winding_woodlands_5x15_jagged, nzn_winding_woodlands_5x15_cabin,
          nzn_winding_woodlands_center_garden,
          nzn_winding_woodlands_center_lodge,
          nzn_winding_woodlands_15x15_killbox], layout_gridlike,
          guppyfry_snake_entry_island, patterned_corridor
Lair:4:   layout_hall_layers, nicolae_slime_entry_field_trip
Lair:5:   hellmonk_lair_end_abyssal_woods, layout_loops_ring
Shoals:1: layout_shoals
Shoals:2: cheibrodos_shoals_oceanic_diplomacy, layout_shoals,
          nicolae_shoals_spring_well_temple
Shoals:3: layout_shoals, nicolae_shoals_the_drawing_of_the_three, uniq_donald,
          uniq_roxanne
Shoals:4: shoals_end_simple, layout_shoals, serial_shops, shop
Snake:1:  gammafunk_sealed_library, layout_rooms,
          nicolae_snake_ghostly_warrior_ritual, uniq_aizul
Snake:2:  layout_layer_cave, st_stairs_3, minmay_shop_grove, grunt_megastairs_2
Snake:3:  layout_misc_corridors, basic_altar
Snake:4:  minmay_snake_end_coiled, layout_basic
Orc:1:    layout_diamond_mine, basic_altar, uniq_josephine
Orc:2:    st_orc_town, layout_caves, mines5_lemuel
Elf:1:    layout_loops_corners, basic_altar, regret_index_elf_centigrade
Elf:2:    elven_hall_of_blades_hangedman_alternative [nicolae_blade_tridents],
          layout_onion_city, minivault_27, uniq_asterion, uniq_agnes
Elf:3:    elf_hall, layout_geoelf_diagonals, serial_shops, nicolae_diamond_shop
Vaults:1: nicolae_vaults_trapezoid_1, st_more_cells, grunt_vaults_trifunnel,
          hangedman_vaults_stagger, nicolae_vaults_double_plus_1, v_pattern_3,
          vaults_dpeg_encased_lava, v_misc_28, nicolae_vaults_diamond_1,
          layout_vaults_big_room, serial_shops, nicolae_shop_hallway_plus, shop,
          nicolae_shop_rolled_up
Vaults:2: lightli_enter_wizlab_magi_temple, minmay_crypt_entry_simple_sparse,
          nicolae_vaults_cochlea, ontoclasm_vaults_chip,
          dpeg_vaults_monster_box, layout_vaults_omnigrid, serial_shops,
          shop_fountains
Vaults:3: v_pattern_1, nicolae_vaults_storage_room_doors, v_misc_15,
          nicolae_vaults_diagonal_hallway_7, nicolae_vaults_closet_pinwheel_1,
          v_misc_8, st_spiral_rooms, nicolae_vaults_frosty_reception,
          nicolae_vaults_trapezoid_lopsided_3, vaults_room_ringed_pool,
          ontoclasm_vaults_ring_large, nicolae_vaults_specimen_jars,
          vaults_dpeg_doors, nicolae_vaults_trapezoid_lopsided_3,
          layout_vaults_maze_bifur, serial_shops, shop,
          nicolae_book_shop_shelving
Vaults:4: portal_desolation_entry_garden, vaults_room_door_hall,
          vaults_room_boxed, ontoclasm_vaults_pinch, lightli_orcish_oven,
          v_rooms_6, v_rooms_3, v_misc_28, ontoclasm_vaults_ring_large,
          ontoclasm_vaults_tryst, nicolae_vaults_two_Ls, layout_vaults_ring,
          uniq_xtahua
Vaults:5: uniq_mara, uniq_sojobo
Depths:1: layout_cave_shapes, pan_entry, nicolae_hell_entry_hellmouth_sunbeams,
          abyss_entry, elyvilon_altar_4, uniq_norris
Depths:2: minmay_inside_and_out, layout_cave_pools, enter_ziggurat_e, pan_entry,
          hell_entry, regret_index_abyss_entry_earlier_magic
Depths:3: minmay_triangles_in_corner, layout_gridlike,
          nicolae_uskayaw_dance_hall, pf_hell_entry_tar_spiral, serial_shops,
          shop, abyss_entry_small_statue_room
Depths:4: hangedman_pleasuredromes, hell_entry, pan_entry
Zot:1:    layout_gridlike, st_small_dragon_hoard_1
Zot:2:    layout_onion_interference, grunt_megastairs_1, uniq_tiamat
Zot:3:    layout_misc_corridors
Zot:4:    layout_basic, lemuel_elevator
Zot:5:    layout_misc_corridors

Skill      XL: |  1  2  3  4  5  6  7  8  9 10 11 12 13 14 15 16 17 18 19 20 21 22 23 24 25 26 27 |
---------------+----------------------------------------------------------------------------------+-----
Fighting       | 1 2 6 7 9 10 12 13 14 15 16 19 | 19.0
Maces & Flails | 1 2 4 5 |  5.2
Stealth        | 4 12 | 12.0
Necromancy     | 5 6 9 10 12 13 14 15 16 | 16.0
Axes           | 1 4 7 9 11 13 14 15 17 18 19 | 19.2
Invocations    | 2 5 10 12 14 15 16 | 16.3
Alchemy        | 3 7 9 12 13 14 15 | 15.0
Conjurations   | 3 6 7 8 9 10 | 10.0
Spellcasting   | 3 5 7 8 9 |  9.0
Evocations     | 3 4 11 | 11.8
Armour         | 4 6 7 9 11 12 13 15 16 | 16.0
Shields        | 2 4 5 8 9 11 14 16 17 18 | 18.0
Throwing       | 1 4 7 8 |  8.1
Dodging        | 3 5 7 8 |  8.0
Translocations | 1 11 14 | 14.2
Air Magic      | 5 6 |  6.0

Action                     |  1- 3 |  4- 6 |  7- 9 | 10-12 | 13-15 | 16-18 | 19-21 | 22-24 | 25-27 || total
---------------------------+-------+-------+-------+-------+-------+-------+-------+-------+-------++-------
  Melee: Whip              |    24 |    81 |       |       |       |       |       |       |       ||   105
         War axe           |       |     9 |   145 |   384 |   673 |  1177 |  1063 |       |       ||  3451
         Constrict         |       |       |       |       |   172 |   247 |   249 |   308 |   191 ||  1167
         Morningstar       |       |       |       |       |    36 |       |       |       |       ||    36
         Broad axe         |       |       |       |       |       |       |   300 |  1800 |  1940 ||  4040
  Throw: Dart              |       |       |     6 |    12 |       |       |       |       |       ||    18
         Javelin           |       |       |       |       |       |       |       |       |     3 ||     3
   Cast: Necrotise         |    51 |    53 |     2 |       |       |       |       |       |       ||   106
         Vampiric Draining |       |     5 |     5 |     4 |     6 |       |       |       |       ||    20
         Animate Dead      |       |       |     1 |     9 |    18 |    21 |     7 |     5 |     3 ||    64
         Death Channel     |       |       |       |       |     7 |    43 |    31 |    39 |    33 ||   153
         Irradiate         |       |       |       |       |     2 |       |       |       |     2 ||     4
         Vhi's Electric Ch |       |       |       |       |       |       |       |       |    25 ||    25
         Fugue of the Fall |       |       |       |       |       |       |       |       |     8 ||     8
         Blink             |       |       |       |       |       |       |       |       |     1 ||     1
 Invoke: Draw Summoning    |       |       |       |     5 |     1 |     2 |     4 |     7 |     9 ||    28
         Draw Destruction  |       |       |       |       |    23 |     3 |    38 |    22 |    10 ||    96
         Draw Escape       |       |       |       |       |     1 |       |     5 |     1 |     1 ||     8
         Stack Five        |       |       |       |       |       |       |     1 |       |       ||     1
Ability: Spit Poison       |     6 |    10 |    20 |     8 |     3 |       |       |       |       ||    47
  Evoke: Wand              |       |       |       |     4 |     4 |     1 |     7 |     7 |       ||    23
         Condenser vane    |       |       |       |       |     3 |     1 |       |       |       ||     4
         Gell's gravitambo |       |       |       |       |     1 |       |     3 |       |       ||     4
         Phantom mirror    |       |       |       |       |       |       |       |     1 |       ||     1
         Box of beasts     |       |       |       |       |       |       |       |       |     1 ||     1
    Use: Potion            |       |       |       |     6 |     1 |     1 |       |       |     9 ||    17
         Scroll            |       |       |       |     4 |    22 |     7 |    12 |    11 |    19 ||    75
   Stab: Sleeping          |     1 |       |     2 |       |       |       |       |       |     1 ||     4
         Distracted        |       |       |       |     3 |     9 |     5 |    11 |    26 |    25 ||    79
         Petrified         |       |       |       |       |     2 |       |       |    10 |       ||    12
         Petrifying        |       |       |       |       |     1 |       |       |       |       ||     1
 Armour: Robe              |    19 |    30 |       |       |       |       |       |       |       ||    49
         Leather armour    |       |    34 |   125 |   159 |       |       |       |       |       ||   318
         Skin              |       |       |       |    10 |       |       |       |       |       ||    10
         Scale mail        |       |       |       |    95 |   732 |  1149 |  1074 |  1717 |  1828 ||  6595
  Dodge: Dodged            |    24 |    70 |   106 |   221 |   441 |   386 |   345 |   550 |   343 ||  2486
  Block: Buckler           |       |       |       |       |    28 |   171 |       |       |       ||   199
         Reflection        |       |       |       |       |       |    82 |   130 |    22 |    53 ||   287
         Kite shield       |       |       |       |       |       |   382 |  1077 |  1805 |  1880 ||  5144

Table legend: (Time is in decaauts)
 A = Elapsed time spent in this place.
 B = Non-inter-level travel time spent in this place.
 C = Inter-level travel time spent in this place.
 D = Time resting spent in this place.
 E = Time spent auto-exploring this place.
 F = Levels seen in this place.
 G = Mean time per level.
                   A        B        C        D        E       F      G
               +--------+--------+--------+--------+--------+-----+--------+
         Total |  99498 |  87748 |  11750 |  17110 |  54032 |  52 | 1913.4 |
       Dungeon |  27580 |  22651 |   4929 |   3187 |  16060 |  15 | 1838.7 |
        Temple |    426 |    426 |      0 |    385 |      0 |   1 |  426.0 |
          Lair |   9849 |   8820 |   1029 |   1710 |   5884 |   5 | 1969.8 |
        Shoals |   5811 |   5218 |    593 |    596 |   3488 |   4 | 1452.8 |
     Snake Pit |   9460 |   8903 |    557 |   2057 |   5425 |   4 | 2365.0 |
  Orcish Mines |   3902 |   3344 |    558 |    628 |   2260 |   2 | 1951.0 |
   Elven Halls |   8087 |   7818 |    269 |   2677 |   3923 |   3 | 2695.7 |
        Vaults |  10317 |   9147 |   1170 |    613 |   6043 |   5 | 2063.4 |
        Depths |   7311 |   5955 |   1356 |    462 |   4031 |   4 | 1827.8 |
           Zot |  10938 |   9652 |   1286 |   3644 |   3965 |   5 | 2187.6 |
      Ice Cave |   1170 |   1170 |      0 |     82 |    643 |   1 | 1170.0 |
        Wizlab |   1250 |   1250 |      0 |    125 |    633 |   1 | 1250.0 |
    Desolation |   2020 |   2020 |      0 |    343 |   1259 |   1 | 2020.0 |
      Gauntlet |   1371 |   1371 |      0 |    597 |    414 |   1 | 1371.0 |
               +--------+--------+--------+--------+--------+-----+--------+

Top non-repeatable levels by time:
   Zot:5: 5330 daAuts
 Snake:2: 3758 daAuts
   Elf:3: 3562 daAuts
  Lair:3: 3550 daAuts
    D:14: 2758 daAuts
     D:9: 2683 daAuts
    D:13: 2638 daAuts
    D:15: 2634 daAuts
   Orc:2: 2504 daAuts
Vaults:5: 2443 daAuts
Vaults:4: 2395 daAuts
Depths:4: 2394 daAuts
   Elf:1: 2346 daAuts
Vaults:1: 2314 daAuts
    D:10: 2252 daAuts
